 Dungeon Crawl Stone Soup version 0.19-a0-1626-g5215c36 (webtiles) character file.

655 sveltemanboy the Insei (level 7, -2/53 HPs)
             Began as a Demonspawn Monk on Sept 18, 2016.
             Was a Follower of Ru.
             Slain by an ogre
             ... wielding a +0 giant club
              (18 damage)
             ... on level 5 of the Dungeon.
             The game lasted 00:13:20 (5536 turns).

sveltemanboy the Insei (Demonspawn Monk)            Turns: 5536, Time: 00:13:20

Health: -2/53      AC: 13    Str: 14    XL:     7   Next: 29%
Magic:  9/9        EV: 10    Int: 11    God:    Ru [*.....]
Gold:   220        SH:  0    Dex: 15    Spells: 0 memorised, 6 levels left

rFire  x . .     SeeInvis +       - Unarmed
rCold  + + .     Gourm    .     y - +0 ice dragon armour
rNeg   . . .     Faith    .     (no shield)
rPois  .         Spirit   .     u - +2 hat
rElec  .         Dismiss  .     s - +0 cloak (curse)
rCorr  .         Reflect  .     (no gloves)
MR     .....     Harm     .     t - +0 pair of boots
Stlth  ..........               (no amulet)
                                (no ring)
                                l - ring of see invisible

@: no status effects
A: rugged brown scales 1, powered by death 1, shaggy fur 1, reduced AC 1,
disrupted magic 1
a: Renounce Religion


You were on level 5 of the Dungeon.
You worshipped Ru.
Ru was aware of your devotion.
You were not hungry.

You visited 1 branch of the dungeon, and saw 5 of its levels.

You collected 274 gold pieces.
You spent 54 gold pieces at shops.

Inventory:

Armour
 s - a cursed +0 cloak (worn)
 t - a +0 pair of boots (worn)
 u - a +2 hat (worn)
 y - a +0 ice dragon armour (worn)
Jewellery
 l - a ring of see invisible (left hand)
Wands
 k - a wand of slowing (26/48)
Scrolls
 a - 2 scrolls of magic mapping {unknown}
 d - 2 scrolls of identify
 h - a scroll of amnesia {unknown}
 i - a scroll of fear
 m - a scroll of remove curse {unknown}
 n - 2 scrolls of recharging
 p - a scroll of fog
 r - 2 scrolls of teleportation
 v - 2 scrolls of blinking {unknown}
 x - a scroll of random uselessness {unknown}
Potions
 e - 3 potions of curing
 f - a potion of haste {unknown}
 g - a potion of ambrosia
 o - a potion of brilliance
 q - a potion of heal wounds {unknown}
 z - a potion of cancellation {unknown}
 A - 2 potions of might {unknown}
Comestibles
 b - 2 bread rations
 c - 2 meat rations
 j - 3 fruits
 B - a beef jerky


   Skills:
 - Level 3.0 Fighting
 + Level 3.2 Armour
 - Level 3.6 Dodging
 - Level 1.7 Stealth
 * Level 5.7 Unarmed Combat
 + Level 2.9 Evocations


You had 6 spell levels left.
You didn't know any spells.

Dungeon Overview and Level Annotations

Branches:
Dungeon (5/15)             Temple (0/1) D:5

Altars:
Cheibriados
Ru
Uskayaw
Zin

Shops:
D:4 [


Innate Abilities, Weirdness & Mutations

You are partially covered in rugged brown scales. (AC +1, +3% HP)
You regenerate a little health from kills.
You take slightly more damage. (AC -3)
Your casting is slightly disrupted.
You are covered in fur. (AC +1)


Message History

You hit the ogre.
The ogre is lightly wounded.
The ogre hits you with a giant club.
You hit the ogre.
The ogre is moderately wounded.
The ogre hits you with a giant club!
You hit the ogre.
The ogre is moderately wounded.
You barely miss the ogre.
The ogre is moderately wounded.
The ogre hits you with a giant club.
You hit the ogre.
The ogre is heavily wounded.
The ogre hits you with a giant club.
You punch the ogre!
The ogre is severely wounded.
You hit the ogre.
The ogre is almost dead.
The ogre hits you with a giant club!!
You die...

#.###..#......#
#..<......#.#.#
#####...#.#.#.#
#.......#.#
#.########
##...####..
#.p......# #...#
#.# ....####.#
#...# #.# . #O#
#...# ##.# #@#
#...###..# #.#
#...).....
#.#######...#####.
#...............(.
#.................
##..<.............
########...#####.
#.........
#...######


You could see an ogre.

Vanquished Creatures
  A sky beast (D:5)
  A slave (D:5)
  A centaur (D:5)
  A scorpion (D:4)
  A howler monkey (D:5)
  A crimson imp (D:5)
  A hound (D:5)
  A bullfrog skeleton (D:4)
  Jessica (D:3)
  Natasha (twice) (D:2)
  A worker ant (D:3)
  3 adders
  3 gnolls (D:4)
  3 oozes
  5 worms
  3 dart slugs
  6 orcs
  A ball python (D:1)
  6 bats
  3 giant cockroaches
  7 goblins
  14 hobgoblins
  6 jackals (D:1)
  2 quokkas
  7 frilled lizards
  A jackal zombie (D:5)
  6 kobolds
  A quokka skeleton (D:4)
  7 rats
96 creatures vanquished.

Vanquished Creatures (others)
  Natasha (D:2)
1 creature vanquished.

Grand Total: 97 creatures vanquished

Notes
Turn   | Place    | Note
-------+----------+-------------------------------------------
     0 | D:1      | sveltemanboy the Demonspawn Monk began the quest for the Orb.
     0 | D:1      | Reached XP level 1. HP: 18/18 MP: 1/1
   427 | D:1      | Reached skill level 1 in Armour
   431 | D:1      | Gained mutation: You are partially covered in rugged brown scales. (AC +1, +3% HP) [demonic ancestry]
   431 | D:1      | Reached XP level 2. HP: 1/24 MP: 2/2
   436 | D:1      | HP: 1/24 [jackal (1)]
  1307 | D:1      | Reached XP level 3. HP: 24/29 MP: 3/3
  1565 | D:2      | Found a glowing silver altar of Zin.
  1792 | D:2      | Noticed Natasha
  1804 | D:2      | Killed Natasha
  1985 | D:2      | Reached skill level 3 in Unarmed Combat
  2015 | D:2      | Noticed Natasha
  2033 | D:2      | Killed Natasha
  2033 | D:2      | Reached XP level 4. HP: 10/36 MP: 4/4
  2248 | D:2      | Noticed Natasha
  2269 | D:2      | Killed Natasha
  2607 | D:2      | Found a sacrificial altar of Ru.
  2619 | D:2      | Became a worshipper of Ru the Awakened
  2636 | D:2      | Gained mutation: Your casting is slightly disrupted. [Ru sacrifice]
  2789 | D:2      | Reached XP level 5. HP: 41/42 MP: 5/5
  3878 | D:3      | Reached skill level 4 in Unarmed Combat
  4189 | D:3      | Noticed Jessica
  4190 | D:3      | Killed Jessica
  4190 | D:3      | Reached skill level 1 in Evocations
  4298 | D:3      | Found a sacrificial altar of Ru.
  4433 | D:4      | Gained mutation: You regenerate a little health from kills. [demonic ancestry]
  4433 | D:4      | Reached XP level 6. HP: 44/48 MP: 6/6
  4534 | D:4      | Found Sioxtihi's Armour Emporium.
  4543 | D:4      | Bought a +0 pair of boots for 54 gold pieces
  4600 | D:4      | Found a snail-covered altar of Cheibriados.
  4853 | D:5      | Entered Level 5 of the Dungeon
  4868 | D:5      | Found a staircase to the Ecumenical Temple.
  4886 | D:5      | Found a hide-covered altar of Uskayaw.
  4902 | D:5      | Reached skill level 5 in Unarmed Combat
  4989 | D:5      | Reached XP level 7. HP: 35/53 MP: 8/8
  5249 | D:5      | Gained mutation: You take slightly more damage. (AC -3) [Ru sacrifice]
  5249 | D:5      | Reached * piety under Ru
  5371 | D:5      | Gained mutation: You are covered in fur. (AC +1) [mutagenic meat]
  5536 | D:5      | Slain by an ogre

Vault maps used:
D:1:      elethiomel_arrival_fortress_basement, hex_medium
D:2:      zin_academy, roderic_serpentine_path, nicolae_ru_the_path_less_chosen,
          uniq_natasha
D:3:      lemuel_coloured_pillars_altar, uniq_jessica
D:4:      kennysheep_slug_shrine, first_bread, serial_shops, nicolae_shop_stone
D:5:      old_standard_altar, nicolae_overflow_hidden_temple, uniq_pikel

Skill      XL: |  1  2  3  4  5  6 |
---------------+-------------------+-----
Armour         | 1 2 3 |  3.2
Dodging        | 3 |  3.6
Unarmed Combat | 3 4 5 |  5.7
Evocations     | 1 2 |  2.9
Fighting       | |  3.0
Stealth        | |  1.7

Action                   |  1- 3 |  4- 6 |  7- 9 || total
-------------------------+-------+-------+-------++-------
Melee: Unarmed           |   159 |   299 |    95 ||   553
       Punch             |     2 |     6 |     1 ||     9
Throw: Tomahawk          |       |     6 |       ||     6
Invok: Sacrifice Essence |       |     1 |       ||     1
       Sacrifice Health  |       |       |     1 ||     1
Evoke: Wand              |       |     1 |       ||     1
  Use: Potion            |     2 |       |       ||     2
       Scroll            |       |     6 |       ||     6
 Stab: Sleeping          |     3 |       |       ||     3
  Eat: Chunk             |     3 |    10 |     3 ||    16
Armor: Robe              |    28 |       |       ||    28
       Skin              |     2 |       |       ||     2
       Ring mail         |     7 |    23 |       ||    30
       Scale mail        |       |    47 |       ||    47
       Ice dragon armour |       |     7 |    29 ||    36
Dodge: Dodged            |   104 |   102 |    29 ||   235
